 Dungeon Crawl Stone Soup version 0.26-a0-668-gd58323b419 (webtiles) character file.

Game seed: 4631912868447289380

1376 marklar909 the Poker (level 8, -4/64 HPs)
             Began as a Formicid Abyssal Knight on Oct 19, 2020.
             Was a Priest of Lugonu.
             Slain by an orc warrior
             ... wielding a +0 trident
              (12 damage)
             ... on level 6 of the Dungeon.
             The game lasted 00:08:58 (6015 turns).

marklar909 the Poker (Formicid Abyssal Knight)      Turns: 6015, Time: 00:08:59

Health: -4/64      AC: 12    Str: 23    XL:     8   Next: 98%
Magic:  9/9        EV: 12    Int: 13    God:    Lugonu [***...]
Gold:   86         SH:  4    Dex: 11    Spells: 7/7 levels left

rFire    . . .     SeeInvis +   l - +0 trident
rCold    . . .     Faith    .   a - +0 buckler
rNeg     . . .     Spirit   .   i - +0 ring mail
rPois    .         Reflect  .   (helmet unavailable)
rElec    .         Harm     .   e - +0 cloak
rCorr    .         Rampage  .   (no gloves)
MR       .....                  j - +0 pair of boots
Stlth    +.........             (no amulet)
HPRegen  0.20/turn              f - +6 ring of strength
MPRegen  0.11/turn              o - +4 ring of protection

@: very slightly contaminated, invisible
A: permanent stasis, dig shafts and tunnels, four strong arms, antennae 3
a: Dig, Shaft Self, Depart the Abyss, Bend Space, Banish, Renounce Religion


You were on level 6 of the Dungeon.
You worshipped Lugonu.
Lugonu was most pleased with you.
You visited 1 branch of the dungeon, and saw 6 of its levels.
You visited the Abyss 1 time.

You collected 266 gold pieces.
You spent 180 gold pieces at shops.

Inventory:

Hand Weapons
 l - a +0 trident (weapon)
Armour
 a - a +0 buckler (worn)
 e - a +0 cloak (worn)
 i - a +0 ring mail (worn)
 j - a +0 pair of boots (worn)
Jewellery
 f - a +6 ring of strength (left hand)
 o - a +4 ring of protection (right hand)
 q - an uncursed ring of fire
 s - an uncursed ring of protection from magic {unknown}
Scrolls
 h - 2 scrolls of remove curse
 r - 2 scrolls of identify
Potions
 b - a potion of stabbing {unknown}
 c - 2 potions of invisibility
 d - a potion of might
 g - 4 potions of curing
 m - a potion of heal wounds
 n - 2 potions of resistance
 p - a potion of brilliance {unknown}
 t - 2 potions of cancellation {unknown}


   Skills:
 + Level 5.7 Fighting
 + Level 6.9 Polearms
 + Level 5.5 Armour
 + Level 2.7 Dodging
 + Level 1.2 Stealth
 + Level 3.4 Shields
 + Level 2.4 Invocations


You had 7 spell levels left.
You didn't know any spells.
Your spell library was empty.

Dungeon Overview and Level Annotations

Branches:
Dungeon (6/15)             Temple (0/1) D:6

Altars:
Ashenzari
Elyvilon
Hepliaklqana
Makhleb
Sif Muna
Vehumet
Zin
The Shining One

Shops:
D:5 !   D:6 :


Innate Abilities, Weirdness & Mutations

You cannot be hasted, slowed, berserked, paralysed or teleported.
You can dig through walls and to a lower floor.
Your four strong arms can wield two-handed weapons with a shield.
You have a pair of large antennae on your head. (SInv)


Message History

The crimson imp blinks!
The orc warrior barely misses you.
The crimson imp blinks!
You fade into invisibility!
The orc warrior barely misses you.
You are very lightly contaminated with residual magic.
Attack whom?
Press: ? - help, Dir - move target cursor, f/p - orc warrior
Aim: an orc warrior, wielding a +0 trident and wearing a +0 chain mail You reach to attack!
You puncture the orc warrior!
The orc warrior is moderately wounded.
Unknown command.
You hit the orc warrior.
The orc warrior is heavily wounded.
The orc warrior hits you with a +0 trident.
* * * LOW HITPOINT WARNING * * *
Unknown command.
You barely miss the orc warrior.
The orc warrior is heavily wounded.
The orc warrior hits you with a +0 trident!
You die...

....###############....#
.......................#
.............######....#
..........{..# #....#
.............# #.....
......†......# #...##
......#)#....# #...##
..(..##o##...# #....#
.... #.@.##.)# #....#
..{ #.....#..# #....# ..
##_._##..# ####.. .
##### .# ##. #. #. #. #.
#.


You could see an orc warrior.

Vanquished Creatures
  Edmund (D:4)
  4 phantoms
  An ogre (D:6)
  2 centaurs (D:5)
  2 bullfrogs (D:6)
  A howler monkey (D:4)
  A hound (D:4)
  2 orc wizards
  Crazy Yiuf (D:4)
  3 orc priests
  A bullfrog skeleton (D:5)
  An iguana (D:6)
  A worker ant (D:4)
  A hound zombie (D:5)
  7 adders
  A shadow imp (D:6)
  A white imp (D:6)
  An ooze (D:6)
  An adder skeleton (D:4)
  An adder zombie (D:5)
  A worm (D:5)
  A dart slug (D:3)
  4 leopard geckos
  16 orcs
  5 giant cockroaches
  4 goblins
  10 hobgoblins
  13 jackals
  6 kobolds
  2 quokkas (D:3)
  7 bats
  8 frilled lizards
  11 rats
122 creatures vanquished.

Vanquished Creatures (others)
  A fungus (D:6)
  7 plants
8 creatures vanquished.

Grand Total: 130 creatures vanquished

Notes
Turn   | Place    | Note
-------+----------+-------------------------------------------
     0 | Abyss:1  | marklar909 the Formicid Abyssal Knight began the quest for
                  | the Orb.
     0 | Abyss:1  | Reached XP level 1. HP: 18/18 MP: 2/2
    42 | Abyss:1  | Noticed a ynoxinul
    48 | Abyss:1  | Found an ancient bone altar of Kikubaaqudgha.
   149 | Abyss:1  | Noticed a starcursed mass
   152 | D:1      | Escaped the Abyss
   665 | D:1      | Reached XP level 2. HP: 24/24 MP: 3/3
   804 | D:1      | Reached * piety under Lugonu
  1039 | D:1      | Reached XP level 3. HP: 30/30 MP: 4/4
  1452 | D:2      | Reached skill level 1 in Dodging
  1759 | D:2      | Reached XP level 4. HP: 34/37 MP: 5/5
  1919 | D:2      | Reached skill level 3 in Polearms
  2437 | D:3      | Found a shimmering blue altar of Sif Muna.
  2437 | D:3      | Found a glowing silver altar of Zin.
  2437 | D:3      | Found a hazy altar of Hepliaklqana.
  2437 | D:3      | Found a white marble altar of Elyvilon.
  2437 | D:3      | Found a glowing golden altar of the Shining One.
  2437 | D:3      | Found a broken altar of Ashenzari.
  2443 | D:3      | Reached ** piety under Lugonu
  3180 | D:3      | Reached XP level 5. HP: 34/43 MP: 6/6
  3853 | D:4      | Noticed Edmund
  3921 | D:4      | Noticed a phantom
  3961 | D:4      | Killed a phantom
  3961 | D:4      | Reached skill level 1 in Shields
  3961 | D:4      | Reached XP level 6. HP: 49/49 MP: 7/7
  3984 | D:4      | Noticed a phantom
  4002 | D:4      | Killed a phantom
  4002 | D:4      | Reached skill level 4 in Polearms
  4224 | D:4      | Reached XP level 7. HP: 42/55 MP: 8/8
  4387 | D:5      | Entered Level 5 of the Dungeon
  4411 | D:5      | Found Kerestae's Distillery.
  4419 | D:5      | Bought a potion of heal wounds for 75 gold pieces
  4419 | D:5      | Bought a potion of might for 60 gold pieces
  4419 | D:5      | Bought a potion of lignification for 45 gold pieces
  4437 | D:5      | Reached skill level 5 in Fighting
  4444 | D:5      | Reached skill level 5 in Polearms
  4980 | D:4      | Found a runed translucent door.
  4981 | D:4      | Noticed Crazy Yiuf
  5046 | D:4      | Killed Edmund
  5046 | D:4      | Reached XP level 8. HP: 44/62 MP: 9/9
  5170 | D:4      | Killed Crazy Yiuf
  5367 | D:4      | Reached skill level 6 in Polearms
  5522 | D:6      | Found Icasoat's Book Shoppe.
  5529 | D:6      | Reached *** piety under Lugonu
  5648 | D:6      | Found a staircase to the Ecumenical Temple.
  5685 | D:6      | Reached skill level 1 in Stealth
  5702 | D:6      | Reached skill level 5 in Armour
  5939 | D:6      | Found a radiant altar of Vehumet.
  5939 | D:6      | Found a burning altar of Makhleb.
  6015 | D:6      | Slain by an orc warrior

Illustrated notes

Levels and vault maps discovered:
D:1:      mrwooster_arrival_arrow, layout_loops_ring, nrook_mini_vaults,
          minmay_misc_feat_plants
D:2:      layout_basic, serial_forest, infiniplex_forest_lined_corner,
          infiniplex_forest_straight_2, infiniplex_forest_clump_double,
          infiniplex_forest_clump_cross, infiniplex_forest_lined_corner,
          infiniplex_forest_clump_double, wad_orctagon
D:3:      layout_loops_corners, grunt_temple_overflow_open, minivault_5
D:4:      layout_gridville, uniq_edmund, uniq_crazy_yiuf_cottage
D:5:      layout_rooms, serial_shops, shop
D:6:      layout_basic, fedhas_altar_3,
          grunt_temple_overflow_lords_of_destruction,
          minmay_temple_entry_slanted, serial_shops, shop_statue

Skill      XL: |  1  2  3  4  5  6  7  8 |
---------------+-------------------------+-----
Fighting       | 4 5 |  5.7
Dodging        | 1 2 |  2.7
Polearms       | 3 4 5 6 |  6.9
Armour         | 3 4 5 |  5.5
Shields        | 1 2 3 |  3.4
Stealth        | 1 |  1.2
Invocations    | |  2.4

Action                   |  1- 3 |  4- 6 |  7- 9 || total
-------------------------+-------+-------+-------++-------
Melee: Spear             |   130 |       |       ||   130
       Trident           |     5 |   209 |   278 ||   492
Invok: Depart the Abyss  |     1 |       |       ||     1
 Abil: Dig               |       |       |     1 ||     1
  Use: Scroll            |     1 |     9 |     1 ||    11
       Potion            |       |       |     3 ||     3
Armor: Leather armour    |    17 |       |       ||    17
       Ring mail         |    18 |    94 |    72 ||   184
       Skin              |       |       |    27 ||    27
Dodge: Dodged            |    59 |   111 |   106 ||   276
Block: Buckler           |       |       |    27 ||    27

Table legend: (Time is in decaauts)
 A = Elapsed time spent in this place.
 B = Non-inter-level travel time spent in this place.
 C = Inter-level travel time spent in this place.
 D = Time resting spent in this place.
 E = Time spent auto-exploring this place.
 F = Levels seen in this place.
 G = Mean time per level.
                   A        B        C        D        E       F      G
               +--------+--------+--------+--------+--------+-----+--------+
         Total |   6039 |   5827 |    212 |    259 |   4333 |   7 |  862.7 |
       Dungeon |   5887 |   5675 |    212 |    259 |   4202 |   6 |  981.2 |
         Abyss |    152 |    152 |      0 |      0 |    131 |   1 |  152.0 |
               +--------+--------+--------+--------+--------+-----+--------+

Top non-repeatable levels by time:
     D:3: 1343 daAuts
     D:1: 1284 daAuts
     D:4: 1224 daAuts
     D:2: 1004 daAuts
     D:5: 541 daAuts
     D:6: 488 daAuts
 Abyss:1: 152 daAuts
